 Dungeon Crawl Stone Soup version 0.30.0-30-g96aa6591b8 (webtiles) character file.

Game seed: 6872469106531681751

2179 Chiseanne the Covert (level 9, 64/64 HPs)
             Began as an Octopode Delver on June 28, 2023.
             Quit the game on level 1 of the Dungeon.
             The game lasted 00:16:06 (5629 turns).

Chiseanne the Covert (Octopode Delver)              Turns: 5629, Time: 00:16:07

Health: 64/64      AC:  1    Str: 14    XL:     9   Next: 33%
Magic:  9/9        EV: 17    Int: 12    God:
Gold:   467        SH:  6    Dex: 21    Spells: 8/8 levels left

rFire   . . .        s - +2 hand axe (elec)
rCold   . . .        o - +0 buckler
rNeg    . . .        (helmet restricted)
rPois   .            (no amulet)
rElec   .            d - +6 ring of dexterity
rCorr   .            (no ring)
SInv    .            (no ring)
Will    .....        (no ring)
Stlth   +++++        (no ring)
HPRegen 0.30/turn    (no ring)
MPRegen 0.11/turn    (no ring)
                     (no ring)

%: no passive effects
@: no status effects
A: almost no armour, amphibious, 8 rings, camouflage 1, gelatinous body 1,
(nimble swimmer 1), tentacles
a: no special abilities


You were on level 1 of the Dungeon.
You visited 2 branches of the dungeon, and saw 8 of its levels.

You collected 467 gold pieces.

Inventory:

Hand Weapons
 a - the +8 dagger of Gluttony {pain, Int+9}
   (You found it on level 5 of the Dungeon)

   Int:       It affects your intelligence (+9).
 k - a +2 flail of protection
 s - a +2 hand axe of electrocution (weapon)
Missiles
 i - 2 stones (quivered)
 l - 13 boomerangs
 n - a throwing net
 w - 6 silver boomerangs
 F - 6 curare-tipped darts
Armour
 o - a +0 buckler (worn)
Magical Staves
 c - a staff of death
 r - a staff of cold
Jewellery
 d - a +6 ring of dexterity (left tentacle)
 t - an amulet of faith
Wands
 f - a wand of digging (3)
 m - a wand of acid (5)
 q - a wand of flame (6)
Scrolls
 b - a scroll of fog
 u - 7 scrolls of identify
 v - a scroll of magic mapping
 y - a scroll of vulnerability {unknown}
 z - a scroll of summoning
 A - a scroll of acquirement {unknown}
 C - a scroll of amnesia {unknown}
 D - a scroll of torment {unknown}
 E - a scroll of poison {unknown}
 G - 2 scrolls of fear
Potions
 e - a potion of haste
 g - 8 potions of curing
 h - 2 potions of lignification
 j - a potion of mutation
 p - a potion of might
 x - a potion of cancellation {unknown}
 B - a potion of flight {unknown}


   Skills:
 * Level 7.1 Fighting
 - Level 4.7 Short Blades
 * Level 6.8 Dodging
 - Level 9.1 Stealth
 * Level 4.6 Shields


You had 8 spell levels left.
You didn't know any spells.
Your spell library contained the following spells:

 Spells                   Type           Power      Damage    Failure   Level
 Freeze                   Ice            0%         1d3       41%         1
 Necrotise                Necr           0%         1d4       41%         1
 Slow                     Hex            0%         N/A       41%         1
 Sublimation of Blood     Necr           0%         N/A       54%         2
 Wereblood                Tmut           0%         N/A       54%         2
 Confusing Touch          Hex            0%         N/A       78%         3
 Frozen Ramparts          Ice            0%         1d1       78%         3
 Hailstorm                Conj/Ice       0%         3d3       78%         3
 Summon Guardian Golem    Hex/Summ       0%         N/A       78%         3
 Vampiric Draining        Necr           0%         2d6       78%         3
 Animate Dead             Necr           0%         N/A       99%         4
 Agony                    Necr           0%         N/A       100%        5
 Borgnjor's Vile Clutch   Necr/Erth      0%         N/A       100%        5
 Death Channel            Necr           0%         N/A       100%        6
 Orb of Destruction       Conj           0%         9d5       100%        7
 Spellforged Servitor     Conj/Summ      0%         N/A       100%        7
 Summon Hydra             Summ           0%         N/A       100%        7


Dungeon Overview and Level Annotations

Branches:
Dungeon (7/15)             Temple (1/1) D:4

Altars:
Ashenzari
Cheibriados
Dithmenos
Elyvilon
Fedhas
Hepliaklqana
Kikubaaqudgha
Makhleb
Nemelex Xobeh
Qazlal
Ru
Sif Muna
Trog
Uskayaw
Vehumet
Wu Jian
Xom
Yredelemnul
Zin
The Shining One

Shops:
D:6 *   D:7 :

Annotations:
D:2 Natasha
D:3 1 runed translucent door, Peloso's ghost, weakling MiFi


Innate Abilities, Weirdness & Mutations

You cannot wear most types of armour.
You are amphibious.
You can wear up to eight rings at the same time.
Your skin changes colour to match your surroundings (Stealth+).
Your rubbery body absorbs attacks. (AC +1, EV +1)
((You are camouflaged when in or above water. (Stealth+)))
You have tentacles for arms and can constrict up to eight enemies at once.


Message History

As you open the door, it creaks loudly!
A bat and a ball python come into view.
The ball python hisses angrily.
A bat comes into view.
You block the bat's attack.
There is an open door here.
You closely miss the ball python. You grab the ball python.
You constrict the ball python.
You kill the ball python!
The bat misses you. You block the bat's attack.
You closely miss the bat. You grab the bat. You squeeze the bat.
You kill the bat!
You closely miss the bat. The bat closely misses you.
You closely miss the bat. Your grab misses the bat. You squeeze the bat.
You kill the bat!
No target in view!
No target in view!
No target in view!
No target in view!
No target in view!
No target in view!
No target in view!
No target in view!
No target in view!
No target in view!
No target in view!
No target in view!
No target in view!
No target in view!
No target in view!
No target in view!
You see here a bat corpse.
G - 2 scrolls of fear You enter the deep water.
You enter the deep water.
Done exploring.
(D) Dungeon (T) Temple
Where to? (Enter - D:2, ? - help)
Okay, then.
Are you sure you want to abandon this character and quit the game? (Confirm with "yes".)

#..######## ..##
### # #####
########...#
≈≈≈≈≈≈≈#.#.#
≈≈≈≈≈≈≈#.#.#######
.≈...≈≈≈.........#
.....≈≈≈..#.....@#
.....≈≈≈..#.####.#
.<.≈..≈≈).#.# #.#
...≈~≈≈≈..#.####.#
...~≈≈≈≈..#......#
...≈≈≈≈≈..#.#.#..#
...≈≈≈≈#.........#
.#######.##.#.#..#
............#.#..#


There were no monsters in sight!

Vanquished Creatures
  A wyvern (D:7)
  A wraith (D:5)
  Eustachio (D:4)
  A water moccasin (D:6)
  An ice beast (D:7)
  A sky beast (D:7)
  An ogre (D:5)
  A phantom (D:5)
  3 scorpions
  3 bullfrogs (D:7)
  3 wights (D:6)
  A spectral bullfrog (D:5)
  A gnoll bouda (D:6)
  A bullfrog zombie (D:5)
  An orc priest (D:4)
  3 hounds
  A water moccasin simulacrum (D:5)
  A bullfrog skeleton (D:5)
  2 sleepcaps
  An iguana (D:6)
  Natasha (D:2)
  7 orc wizards
  9 gnolls
  5 adders
  A dart slug (D:2)
  17 orcs
  4 ball pythons
  9 bats
  5 endoplasms
  4 giant cockroaches
  3 goblins
  6 hobgoblins
  4 jackals (D:1)
  7 quokkas
  A frilled lizard (D:3)
  9 kobolds
  4 rats
125 creatures vanquished.

Vanquished Creatures (collateral kills)
  2 gnolls (D:5)
  An ufetubus (D:5)
3 creatures vanquished.

Grand Total: 128 creatures vanquished

Notes
Turn   | Place    | Note
-------+----------+-------------------------------------------
     0 | D:5      | Chiseanne the Octopode Delver began the quest for the Orb.
     0 | D:5      | Reached XP level 1. HP: 16/16 MP: 1/1
     0 | D:5      | Chiseanne: ...and then...acidentally (I sear!) a bear comes
                  | around the corner..FUCK YOU
    38 | D:6      | Noticed a water moccasin
    68 | D:6      | Killed a water moccasin
    69 | D:6      | Reached skill level 7 in Stealth
    69 | D:6      | Reached XP level 2. HP: 19/22 MP: 2/2
    69 | D:6      | Reached XP level 3. HP: 23/27 MP: 3/3
    69 | D:6      | Reached XP level 4. HP: 29/33 MP: 4/4
   140 | D:6      | Noticed a scorpion
   146 | D:6      | Reached XP level 5. HP: 37/37 MP: 5/5
   186 | D:5      | Noticed an ogre
   278 | D:6      | Found Muekus's General Store.
   519 | D:6      | Noticed a phantom
   543 | D:6      | Reached XP level 6. HP: 43/43 MP: 6/6
   739 | D:6      | Noticed a sky beast
   856 | D:7      | Noticed a wyvern
   859 | D:7      | Killed a wyvern
   860 | D:7      | Reached skill level 8 in Stealth
   922 | D:7      | Reached XP level 7. HP: 38/49 MP: 7/7
  1327 | D:7      | Reached skill level 5 in Fighting
  1362 | D:7      | Found Walaerghichu's Vocational Training.
  1375 | D:7      | Reached skill level 9 in Stealth
  1734 | D:6      | Reached XP level 8. HP: 34/55 MP: 8/8
  2009 | D:6      | Reached skill level 1 in Shields
  2013 | D:6      | Reached skill level 5 in Dodging
  2249 | D:5      | Noticed a wraith
  2346 | D:4      | Found a staircase to the Ecumenical Temple.
  2350 | Temple   | Entered the Ecumenical Temple
  2683 | D:4      | Found a hazy altar of Hepliaklqana.
  2732 | D:4      | Found a sparkling altar of Nemelex Xobeh.
  2780 | D:4      | Found a sacrificial altar of Ru.
  2784 | D:4      | Noticed Eustachio
  2840 | D:4      | Found a glowing drain.
  2858 | D:4      | Killed Eustachio
  3242 | D:5      | Reached XP level 9. HP: 61/63 MP: 9/9
  3363 | D:5      | Identified the +8 dagger of Gluttony {pain, Int+9}
  3453 | D:5      | HP: 3/64 [gnoll/+0 spear[a gnoll bouda] (9)]
  3454 | D:5      | Chiseanne: just fuck you
  3726 | D:3      | Found a broken altar of Ashenzari.
  3974 | D:3      | Found an ornate altar of the Wu Jian Council.
  4019 | D:3      | Found an ancient bone altar of Kikubaaqudgha.
  4043 | D:3      | Found a shadowy altar of Dithmenos.
  4080 | D:3      | Noticed Peloso's ghost (weakling MiFi)
  4081 | D:3      | Found a runed translucent door.
  4477 | D:2      | Noticed Natasha
  4480 | D:2      | Killed Natasha
  4885 | D:2      | Found a white marble altar of Elyvilon.
  4954 | D:2      | Noticed Natasha
  5629 | D:1      | Quit the game

Illustrated notes

Levels and vault maps discovered:
D:1:      dpeg_arrival_pond, layout_basic, minmay_ruptured
D:2:      layout_basic, basic_altar, uniq_natasha
D:3:      layout_basic, old_standard_altar, grunt_dithmenos_smoke,
          lemuel_crystal_altar, mainiacjoe_overflow_chevrons,
          hellmonk_ghost_happy_afterlife
D:4:      layout_rooms, nemelex_xobeh_ov_fountains_minmay,
          mainiacjoe_overflow_catwalk, lemuel_crystal_altar,
          minmay_temple_entry_ruins, gup_sewer_entry_bowl, uniq_eustachio
D:5:      layout_loops_cross, eino_curves_04, dilly_guarded_unrand_morg
D:6:      layout_rooms, serial_aquarium, aquarium_bridge_straight
          [aquarium_subvault_bridge, aquarium_subvault_wall,
          aquarium_subvault_bridge, aquarium_subvault_wall],
          aquarium_window_corridor_2, aquarium_window_1, aquarium_window_fake,
          aquarium_view_2e, aquarium_view_2b, aquarium_pool_side, serial_shops,
          shop
D:7:      layout_loops_cross, nicolae_shop_vocational
Temple:   nicolae_temple_bog_church

Skill      XL: |  1  2  3  4  5  6  7  8  9 |
---------------+----------------------------+-----
Stealth        | 7 8 9 |  9.1
Short Blades   | 3 4 |  4.7
Dodging        | 3 4 6 |  6.8
Fighting       | 4 5 6 7 |  7.1
Shields        | 3 4 |  4.6

Action                     |  1- 3 |  4- 6 |  7- 9 || total
---------------------------+-------+-------+-------++-------
  Melee: Short sword       |     2 |    28 |    96 ||   126
         Constrict         |     1 |     7 |    53 ||    61
         Tentacles         |     1 |    10 |    64 ||    75
         Punch             |       |       |     4 ||     4
         Hand axe          |       |       |   138 ||   138
         Dagger            |       |       |     1 ||     1
  Throw: Stone             |       |     2 |     2 ||     4
  Evoke: Wand              |       |       |     2 ||     2
    Use: Scroll            |     1 |     3 |     8 ||    12
         Potion            |       |       |     2 ||     2
   Stab: Sleeping          |     1 |     3 |    26 ||    30
         Distracted        |       |       |     1 ||     1
 Armour: Skin              |       |       |     6 ||     6
  Dodge: Dodged            |     1 |    14 |   137 ||   152
  Block: Buckler           |       |       |    40 ||    40
